 Dungeon Crawl Stone Soup version 0.22.1-1-ga44c0e5 (webtiles) character file.

2640 joejoepie the Cleaver (level 9, -5/80 HPs)
             Began as a Deep Dwarf Fighter on Aug 16, 2018.
             Was a Believer of Qazlal.
             Killed by divine providence
             ... invoked by an orc priest
              (13 damage)
             ... on level 8 of the Dungeon on Oct 12, 2018.
             The game lasted 00:47:33 (5424 turns).

joejoepie the Cleaver (Deep Dwarf Fighter)          Turns: 5424, Time: 00:47:34

Health: -5/80      AC: 11    Str: 22    XL:     9   Next: 35%
Magic:  17/17      EV: 12    Int: 10    God:    Qazlal [**....]
Gold:   384        SH:  3    Dex: 12    Spells: 8/8 levels left

rFire    . . .     SeeInvis .   a - +0 battleaxe
rCold    . . .     Gourm    .   (shield currently unavailable)
rNeg     . . .     Faith    .   i - +0 scale mail
rPois    .         Spirit   .   (no helmet)
rElec    .         Reflect  .   (no cloak)
rCorr    .         Harm     .   j - +0 pair of gloves
MR       +....                  t - +1 pair of boots
Stlth    +.........             (no amulet)
HPRegen  0.00/turn              e - ring of magical power
MPRegen  0.15/turn              (no ring)

@: non-regenerating
A: damage resistance, heal wounds, deterioration 1, sense surroundings 2,
MP-powered wands, no regeneration
a: Heal Wounds, Upheaval, Renounce Religion


You were on level 8 of the Dungeon.
You worshipped Qazlal.
Qazlal was pleased with you.
You were not hungry.

You visited 1 branch of the dungeon, and saw 8 of its levels.

You collected 384 gold pieces.

Inventory:

Hand Weapons
 a - a +0 battleaxe (weapon)
 b - a +0 hunting sling
 d - a +0 dagger of draining
 h - a cursed -3 dagger
 n - a +0 scythe
 y - a +1 war axe
Missiles
 k - 38 poisoned needles
 l - 221 stones (quivered)
Armour
 c - a +0 shield
 i - a +0 scale mail (worn)
 j - a +0 pair of gloves (worn)
 t - a +1 pair of boots (worn)
Jewellery
 e - a ring of magical power (left hand)
Wands
 g - a wand of flame (20)
 s - a wand of polymorph (13)
 w - a wand of scattershot (3)
Scrolls
 o - 7 scrolls of identify
 p - 4 scrolls of amnesia
 v - 2 scrolls of remove curse
Potions
 m - a potion of lignification
 q - a potion of ambrosia
 r - 3 potions of magic
 u - a potion of haste
 x - 2 potions of curing
 z - a potion of invisibility {unknown}
Comestibles
 f - 13 rations
 A - 8 chunks of flesh


   Skills:
 + Level 4.8 Fighting
 + Level 8.8 Axes
 + Level 2.9(3.3) Slings
 + Level 1.8(2.4) Throwing
 + Level 6.2 Armour
 + Level 4.1 Dodging
 + Level 3.0 Stealth
 + Level 6.1 Shields
 + Level 0.3 Unarmed Combat


You had 8 spell levels left.
You didn't know any spells.
Your spell library contained the following spells:

 Spells                   Type           Power        Failure   Level  Hunger
 Animate Skeleton         Necr           N/A          67%         1    ##.....
 Apportation              Tloc           #.....       67%         1    ##.....
 Confusing Touch          Hex            #.....       67%         1    ##.....
 Pain                     Necr           #...         67%         1    ##.....
 Summon Small Mammal      Summ           #...         67%         1    ##.....
 Vampiric Draining        Necr           #.........   95%         3    ####...
 Animate Dead             Necr           N/A          100%        4    #####..
 Regeneration             Chrm/Necr      Unusable     N/A         3    N/A

Dungeon Overview and Level Annotations

Branches:
Dungeon (8/15)             Temple (0/1) D:6
   Lair: D:8-11

Altars:
Cheibriados
Dithmenos
Fedhas
Nemelex Xobeh
Qazlal
Ru
Vehumet
The Shining One

Annotations:
D:3 exclusion: oklob plant
D:4 exclusion: statue


Innate Abilities, Weirdness & Mutations

You are resistant to damage.
You can heal yourself by infusing magical energy.
You passively map the area around you.
You do not regenerate.
Your body sometimes deteriorates upon taking damage.
You expend magic power (3 MP) to strengthen your wands.


Message History

The bullfrog hits you but does no damage.
You hit the bullfrog.
The bullfrog is almost dead.
You completely miss the orc priest.
The bullfrog hits you but does no damage.
The orc priest hits you with a dagger. The bullfrog hits you.
The orc priest hits you with a dagger.
You slash the bullfrog!
You kill the bullfrog!
Qazlal accepts your kill.
You barely miss the orc priest. The orc priest barely misses you.
You hit the orc priest but do no damage.
You hit the orc but do no damage. You block the orc's attack.
The orc priest miscasts a cantrip.
The orc misses you.
You hit the orc priest but do no damage.
You completely miss the orc.
The orc priest mumbles some strange prayers to Beogh against you.
Beogh smites you!
You die...

#.##s######.##.#.####(.#
.<........$.o..#.####).#
..#..........F.(...).))#
....###.######.#.#######
..###* .#* #.....# ..#
,.###.#.#.# ..# ,
,.......)# ..# *
###.#.#o# ..., ,,,
#...o@# .###**,**
###.### .# #.* # * * , ,
* * *


You could see an orc priest and an orc.

Vanquished Creatures
  A hippogriff (D:8)
  Sigmund (D:2)
  A water moccasin (D:6)
  An orc warrior (D:8)
  2 ice beasts
  2 sky beasts (D:6)
  3 ogres
  A centaur (D:7)
  A big kobold (D:8)
  3 bullfrogs
  A water moccasin zombie (D:7)
  4 scorpions
  A howler monkey (D:4)
  3 crimson imps
  A centaur zombie (D:5)
  2 bullfrog zombies (D:5)
  A centaur skeleton (D:4)
  An iron imp (D:6)
  A hound (D:5)
  An orc priest (D:3)
  2 jellies
  An iguana (D:7)
  Terence (D:2)
  3 orc wizards
  5 worker ants
  9 adders
  2 shadow imps
  A worm (D:2)
  A dart slug (D:1)
  8 leopard geckos
  15 orcs
  5 giant cockroaches
  5 hobgoblins
  9 jackals
  A quokka (D:8)
  3 ball pythons
  6 bats
  7 frilled lizards
  14 goblins
  9 kobolds
  A quokka skeleton (D:7)
  6 rats
146 creatures vanquished.

Vanquished Creatures (collateral kills)
  A giant cockroach (D:5)
1 creature vanquished.

Vanquished Creatures (others)
  A hound (D:8)
  12 toadstools (D:3)
13 creatures vanquished.

Grand Total: 160 creatures vanquished

Notes
Turn   | Place    | Note
-------+----------+-------------------------------------------
     0 | D:1      | joejoepie the Deep Dwarf Fighter began the quest for the
                  | Orb.
     0 | D:1      | Reached XP level 1. HP: 20/20 MP: 1/1
   121 | D:1      | Reached XP level 2. HP: 24/27 MP: 2/2
   580 | D:1      | Reached XP level 3. HP: 29/34 MP: 3/3
   954 | D:2      | Upgraded the game from 0.22.0-13-g43fe8f2 to
                  | 0.22.1-1-ga44c0e5
   960 | D:2      | Noticed Terence
   974 | D:2      | Killed Terence
   974 | D:2      | Reached skill level 3 in Axes
  1055 | D:2      | Noticed Sigmund
  1065 | D:2      | Killed Sigmund
  1065 | D:2      | Reached skill level 4 in Axes
  1065 | D:2      | Reached skill level 1 in Dodging
  1065 | D:2      | Reached skill level 1 in Stealth
  1065 | D:2      | Reached XP level 4. HP: 31/42 MP: 4/4
  1065 | D:2      | Reached XP level 5. HP: 36/49 MP: 5/5
  1277 | D:2      | You fall through a shaft for 2 floors!
  1277 | D:4      | Found a radiant altar of Vehumet.
  1277 | D:4      | Noticed a charred statue
  1438 | D:3      | Found a stormy altar of Qazlal.
  1763 | D:3      | Reached XP level 6. HP: 50/56 MP: 6/6
  1836 | D:3      | Became a worshipper of Qazlal Stormbringer
  1947 | D:3      | Reached skill level 5 in Axes
  2058 | D:3      | Found a blossoming altar of Fedhas.
  2072 | D:3      | Noticed an oklob plant
  2161 | D:3      | Gained mutation: You passively map the area around you.
                  | [potion of mutation]
  2161 | D:3      | Gained mutation: Your body sometimes deteriorates upon
                  | taking damage. [potion of mutation]
  2161 | D:3      | Gained mutation: You expend magic power (3 MP) to
                  | strengthen your wands. [potion of mutation]
  2836 | D:4      | Reached XP level 7. HP: 49/63 MP: 7/7
  3193 | D:4      | Found a glowing golden altar of the Shining One.
  3262 | D:5      | Entered Level 5 of the Dungeon
  3289 | D:5      | Reached skill level 6 in Axes
  3446 | D:5      | Reached skill level 5 in Armour
  3528 | D:6      | Reached skill level 5 in Shields
  3551 | D:5      | Reached skill level 1 in Throwing
  3821 | D:6      | Found a snail-covered altar of Cheibriados.
  3885 | D:6      | Reached XP level 8. HP: 29/72 MP: 8/8
  3907 | D:6      | Reached skill level 7 in Axes
  3929 | D:6      | Reached * piety under Qazlal
  4006 | D:6      | Found a sacrificial altar of Ru.
  4271 | D:6      | Reached skill level 1 in Slings
  4452 | D:6      | Found a sparkling altar of Nemelex Xobeh.
  4530 | D:6      | Found a staircase to the Ecumenical Temple.
  4802 | D:7      | Found a shadowy altar of Dithmenos.
  4880 | D:7      | Reached skill level 8 in Axes
  4880 | D:7      | Mutation became permanent: You passively map a small area
                  | around you. [Deep Dwarf growth]
  4880 | D:7      | Gained mutation: You passively map the area around you.
                  | [Deep Dwarf growth]
  4880 | D:7      | Reached XP level 9. HP: 47/79 MP: 8/8
  5285 | D:8      | Reached ** piety under Qazlal
  5424 | D:8      | Killed from afar by an orc priest

Skill      XL: |  1  2  3  4  5  6  7  8  9 |
---------------+----------------------------+-----
Fighting       | 3 4 |  4.8
Axes           | 4 5 6 8 |  8.8
Armour         | 4 5 6 |  6.2
Dodging        | 1 2 3 4 |  4.1
Stealth        | 1 3 |  3.0
Shields        | 4 5 6 |  6.1
Throwing       | 1 |  1.8
Slings         | 2 |  2.9
Unarmed Combat | |  0.3

Action                   |  1- 3 |  4- 6 |  7- 9 || total
-------------------------+-------+-------+-------++-------
Melee: War axe           |    86 |   143 |   220 ||   449
       Battleaxe         |       |       |    88 ||    88
       Unarmed           |       |       |    12 ||    12
 Fire: Hunting sling     |       |       |    30 ||    30
Throw: Stone             |     2 |    41 |    60 ||   103
 Abil: Heal Wounds       |       |       |     6 ||     6
Evoke: Wand              |       |       |     1 ||     1
  Use: Scroll            |     1 |     4 |     5 ||    10
       Potion            |     2 |     6 |     4 ||    12
  Eat: Chunk             |     1 |     6 |     8 ||    15
Armor: Scale mail        |    26 |    44 |   128 ||   198
Dodge: Dodged            |    29 |    47 |   136 ||   212
Block: Shield            |    35 |    68 |   109 ||   212
       Other             |       |       |    11 ||    11
